[Event "Titled Tuesday Blitz October 31 Late 2023"]
[White "Jelcic, Marko"]
[Black "szachmistrz2500"]
[WhiteFideId "14406489"]
[WhiteElo "2148"]
[BlackElo "2411"]
[Result "0-1"]
[Round "7"]
[TimeControl "180+1"]
[Date "2023.10.31"]
[WhiteClock "0:01:39"]
[BlackClock "0:01:10"]
[Board "127"]

1. d4 Nf6 2. c4 e6 3. Nf3 Bb4+ 4. Bd2 Qe7 5. Bxb4 Qxb4+ 6. Qd2 Qxc4 7. e4 Qc6 8. e5 Qe4+ 9. Be2 Nd5 10. O-O O-O 11. Nc3 Nxc3 12. bxc3 b6 13. Ng5 Qh4 14. Bf3 c6 15. Ne4 Ba6 16. Rfe1 Bc4 17. Nd6 Bd5 18. Be2 b5 19. a4 f6 20. axb5 fxe5 21. c4 Qxf2+ 22. Kh1 Bxg2# 0-1


[Site "https://www.chess.com"]

[Event "Titled Tuesday Blitz October 31 Late 2023"]
[White "Novikova, Galina"]
[Black "Oliveira, Tiago Batista"]
[WhiteFideId "4157095"]
[BlackFideId "2108291"]
[WhiteElo "2398"]
[BlackElo "2049"]
[Result "1-0"]
[Round "7"]
[TimeControl "180+1"]
[Date "2023.10.31"]
[WhiteClock "0:00:48"]
[BlackClock "0:00:00"]
[Board "128"]

1. e4 e5 2. f4 exf4 3. Nf3 Be7 4. Bc4 Bh4+ 5. Kf1 Nh6 6. d4 Ng4 7. Nxh4 Qxh4 8. Qf3 Nxh2+ 9. Rxh2 Qxh2 10. Bxf4 Qh1+ 11. Kf2 O-O 12. Bxc7 Nc6 13. c3 Qh4+ 14. Bg3 Qh6 15. Bf4 Qh4+ 16. Bg3 Qf6 17. Qxf6 gxf6 18. Nd2 Ne7 19. Bh4 Kg7 20. Rf1 Ng6 21. Bg3 Re8 22. Ke3 a6 23. a4 Rd8 24. Bd6 Re8 25. Nf3 b5 26. axb5 axb5 27. Bxb5 Ra2 28. Ba3 Bb7 29. Nd2 Bc6 30. Bc4 Rxa3 31. bxa3 d5 32. Bb3 dxe4 33. c4 Rb8 34. d5 Bd7 35. Kxe4 Ne5 36. c5 Bb5 37. Rc1 Bd3+ 38. Kd4 Ra8 39. a4 Bf5 40. c6 Nd3 41. Rc3 Nb4 42. d6 Rd8 43. Kc5 Na6+ 44. Kb6 Ra8 45. c7 Nxc7 46. dxc7 Bc8 47. a5 Ra6+ 48. Kb5 1-0


[Site "https://www.chess.com"]

[Event "Titled Tuesday Blitz October 31 Late 2023"]
[White "Gyulamiryan-koryun"]
[Black "Guha, Eshan"]
[BlackFideId "30958628"]
[WhiteElo "1906"]
[BlackElo "2364"]
[Result "0-1"]
[Round "7"]
[TimeControl "180+1"]
[Date "2023.10.31"]
[WhiteClock "0:00:00"]
[BlackClock "0:00:23"]
[Board "129"]

1. e4 c6 2. Nc3 d5 3. Nf3 dxe4 4. Nxe4 Nf6 5. Ng3 h5 6. h4 Bg4 7. Be2 e6 8. d4 Bd6 9. Bg5 Nbd7 10. Ne4 Qa5+ 11. Bd2 Qc7 12. Nxd6+ Qxd6 13. c3 O-O-O 14. Qa4 Kb8 15. O-O-O Nb6 16. Qb3 Ne4 17. Be3 Nd5 18. Ba6 Qc7 19. Bd3 Nxe3 20. fxe3 Nf2 21. Ne5 Bxd1 22. Rxd1 Nxd1 23. Qxd1 Rd5 24. Nc4 g6 25. Qf3 Rdd8 26. e4 c5 27. d5 exd5 28. exd5 Rhe8 29. Be4 Qe7 0-1


[Site "https://www.chess.com"]

[Event "Titled Tuesday Blitz October 31 Late 2023"]
[White "rikchessmx"]
[Black "Vargas, Mauricio"]
[BlackFideId "4404572"]
[WhiteElo "2287"]
[BlackElo "1852"]
[Result "1-0"]
[Round "7"]
[TimeControl "180+1"]
[Date "2023.10.31"]
[WhiteClock "0:01:10"]
[BlackClock "0:00:00"]
[Board "131"]

1. e4 d5 2. exd5 Qxd5 3. Nc3 Qa5 4. Nge2 c6 5. d4 Bg4 6. f3 Bh5 7. g4 Bg6 8. h4 f6 9. Nf4 Bf7 10. Bd3 e5 11. dxe5 fxe5 12. Ne2 Bd6 13. Bd2 Qb6 14. Na4 Qc7 15. Bc3 Nd7 16. b3 Ngf6 17. Qd2 e4 18. fxe4 Bg3+ 19. Nxg3 Qxg3+ 20. Qf2 Qxg4 21. Rg1 Qh5 22. Rxg7 O-O-O 23. Rg5 Qh6 24. O-O-O Qf8 25. Qxa7 Qa3+ 26. Kb1 Qe7 27. Ra5 Nb8 28. Nb6+ Kc7 29. Be5+ Rd6 30. Nc4 Bxc4 31. Bxc4 Rd8 32. Rxd6 Rxd6 33. Qc5 Nxe4 34. Bxd6+ Nxd6 35. Qe5 Qf7 36. Bxf7 1-0


[Site "https://www.chess.com"]

[Event "Titled Tuesday Blitz October 31 Late 2023"]
[White "Krasik, Ilya"]
[Black "Sarkar, Justin"]
[WhiteFideId "2024527"]
[BlackFideId "2010011"]
[WhiteElo "2000"]
[BlackElo "2210"]
[Result "0-1"]
[Round "7"]
[TimeControl "180+1"]
[Date "2023.10.31"]
[WhiteClock "0:00:00"]
[BlackClock "0:00:15"]
[Board "132"]

1. d4 Nf6 2. c4 e6 3. Nf3 d5 4. Nc3 Nbd7 5. Bg5 Be7 6. e3 a6 7. cxd5 exd5 8. Bd3 O-O 9. O-O Re8 10. Rc1 Nf8 11. Bb1 Bg4 12. h3 Bh5 13. g4 Bg6 14. Ne5 Bxb1 15. Nxb1 Ne4 16. Bxe7 Qxe7 17. Nc3 Nxc3 18. Rxc3 c6 19. Qf3 Nd7 20. Nxd7 Qxd7 21. Rfc1 Re4 22. a4 a5 23. Rb3 Rf8 24. Rc5 f5 25. g5 f4 26. Qg4 Qxg4+ 27. hxg4 fxe3 28. fxe3 Rxg4+ 29. Kh2 Rxg5 30. Rxb7 Rf6 31. Rb8+ Kf7 32. Rb7+ Ke8 0-1


[Site "https://www.chess.com"]

[Event "Titled Tuesday Blitz October 31 Late 2023"]
[White "Perry, Patrick"]
[Black "Pein, Jonathan"]
[WhiteFideId "30917727"]
[BlackFideId "417092"]
[WhiteElo "2192"]
[BlackElo "2295"]
[Result "1/2-1/2"]
[Round "7"]
[TimeControl "180+1"]
[Date "2023.10.31"]
[WhiteClock "0:01:32"]
[BlackClock "0:00:03"]
[Board "134"]

1. e4 g6 2. d4 Bg7 3. Nc3 c5 4. Nf3 cxd4 5. Nxd4 Nc6 6. Be3 Nf6 7. Nb3 O-O 8. Be2 b6 9. O-O Bb7 10. f3 Rc8 11. Qd2 Ne5 12. Bh6 d5 13. Bxg7 Kxg7 14. exd5 Nxd5 15. Nxd5 Qxd5 16. Qxd5 Bxd5 17. c3 Bc4 18. Bxc4 Nxc4 19. Rf2 Rfd8 20. Re1 e5 21. Kf1 Rc7 22. Rc2 f5 23. Ke2 Rcd7 24. Rec1 a5 25. a4 Kf6 26. Re1 h5 27. Rec1 h4 28. h3 Kg5 29. Kf2 Kf4 30. Re1 e4 31. fxe4 fxe4 32. Nd4 Rxd4 33. cxd4 Rxd4 34. b3 Ne5 35. Rce2 Nd3+ 36. Kf1 Nxe1 37. Kxe1 Rd3 38. Rb2 Ke3 39. Re2+ Kd4 40. Rb2 e3 41. Ke2 Rc3 42. Rb1 Rc2+ 43. Kf3 Rf2+ 44. Kg4 Rxg2+ 45. Kxh4 e2 46. b4 axb4 47. Rxb4+ Kd3 48. Rb1 Kd2 49. a5 bxa5 50. Rd1+ Ke3 51. Rd3+ Kf2 52. Rf3+ Ke1 53. Rf1+ Kd2 54. Rd1+ Kc3 55. Rd3+ Kc4 56. Rd4+ Kb3 57. Rb4+ Kc3 58. Rc4+ Kd3 59. Rd4+ Ke3 60. Re4+ Kf3 61. Rf4+ Ke3 62. Re4+ Kd2 63. Rd4+ Ke1 64. Rd1+ Kf2 65. Rf1+ Ke3 66. Rf3+ Ke4 67. Re3+ Kf5 68. Re5+ Kf6 69. Re6+ Kg7 70. Re7+ Kf8 71. Rf7+ Kg8 72. Rg7+ Kf8 73. Rf7+ Kxf7 1/2-1/2


[Site "https://www.chess.com"]

[Event "Titled Tuesday Blitz October 31 Late 2023"]
[White "Mariia89"]
[Black "Sari, Yasin"]
[BlackFideId "6320902"]
[WhiteElo "2176"]
[BlackElo "2289"]
[Result "0-1"]
[Round "7"]
[TimeControl "180+1"]
[Date "2023.10.31"]
[WhiteClock "0:00:00"]
[BlackClock "0:00:45"]
[Board "135"]

1. d4 Nf6 2. Nf3 g6 3. c4 c5 4. Nc3 Bg7 5. e4 cxd4 6. Nxd4 Nc6 7. Be3 O-O 8. f3 Qb6 9. Qd2 Nxd4 10. Bxd4 Nxe4 11. Bxb6 Nxd2 12. Be2 Nxc4 13. Bxa7 Nxb2 14. Nb5 Nd3+ 15. Bxd3 Bxa1 16. O-O Bf6 17. Bc4 d5 18. Bxd5 Bd7 19. Bxb7 Bxb5 20. Bxa8 Rxa8 0-1


[Site "https://www.chess.com"]

[Event "Titled Tuesday Blitz October 31 Late 2023"]
[White "Acikel, Mert"]
[Black "Adel, Sara"]
[WhiteFideId "12956465"]
[BlackFideId "10616764"]
[WhiteElo "2287"]
[BlackElo "2172"]
[Result "1-0"]
[Round "7"]
[TimeControl "180+1"]
[Date "2023.10.31"]
[WhiteClock "0:00:17"]
[BlackClock "0:00:17"]
[Board "136"]

1. e4 c6 2. d4 d5 3. Nd2 dxe4 4. Nxe4 Bf5 5. Ng3 Bg6 6. h4 h6 7. Nh3 Nd7 8. Nf4 Bh7 9. Bc4 e6 10. Qe2 Ngf6 11. O-O Be7 12. Bxe6 O-O 13. Bb3 Bd6 14. Ne6 Qb6 15. Nxf8 Nxf8 16. c3 Re8 17. Qf3 c5 18. dxc5 Qxc5 19. Bxh6 Qe5 20. Bg5 Ne4 21. Bxf7+ Kh8 22. Bxe8 Nxg3 23. Qxg3 Qe6 24. Qe3 Qg4 25. Rad1 Bc7 26. Rd4 Qc8 27. Bf4 Bb6 28. Qe7 Ne6 29. Bd7 Qf8 30. Qxe6 Bxd4 31. Bd6 Qg8 32. Qxg8+ Bxg8 33. cxd4 Bxa2 34. Re1 Kh7 35. Bf5+ Kh6 36. Bf4+ g5 37. Bxg5+ Kg7 38. Re7+ Kf8 39. Rxb7 a6 40. Bf6 Bc4 41. Bg6 Bb5 42. Rb8+ Be8 43. Rxe8# 1-0


[Site "https://www.chess.com"]

[Event "Titled Tuesday Blitz October 31 Late 2023"]
[White "Wisniowski, Natalie"]
[Black "Vila Dupla, Aurelio"]
[WhiteFideId "30929261"]
[BlackFideId "2203383"]
[WhiteElo "2153"]
[BlackElo "2221"]
[Result "1-0"]
[Round "7"]
[TimeControl "180+1"]
[Date "2023.10.31"]
[WhiteClock "0:01:51"]
[BlackClock "0:01:05"]
[Board "137"]

1. d4 Nf6 2. c4 g6 3. Nc3 d5 4. cxd5 Nxd5 5. Nf3 Bg7 6. e4 Nxc3 7. bxc3 c5 8. Rb1 O-O 9. Be3 Nc6 10. Be2 cxd4 11. cxd4 Qa5+ 12. Bd2 Qxa2 13. d5 Ne5 14. O-O Nxf3+ 15. Bxf3 e6 16. Bb4 Re8 17. d6 Bd7 18. Re1 Bc6 19. e5 Bxf3 20. Qxf3 Qd5 21. Qxd5 exd5 22. f4 g5 23. g3 gxf4 24. gxf4 Bh6 25. f5 Bf4 26. e6 fxe6 27. fxe6 Bxd6 28. Bxd6 b6 29. Rbd1 Rac8 30. Rxd5 Rc2 31. Rg5+ 1-0


[Site "https://www.chess.com"]

[Event "Titled Tuesday Blitz October 31 Late 2023"]
[White "Fernandez Hernandez, Gerardo"]
[Black "Smirnov, Timofey"]
[WhiteFideId "2207400"]
[BlackFideId "24176427"]
[WhiteElo "2145"]
[BlackElo "2192"]
[Result "0-1"]
[Round "7"]
[TimeControl "180+1"]
[Date "2023.10.31"]
[WhiteClock "0:00:00"]
[BlackClock "0:00:08"]
[Board "138"]

1. e4 e5 2. Nf3 Nf6 3. Nc3 Bb4 4. Nxe5 O-O 5. Be2 Re8 6. Nd3 Bxc3 7. dxc3 Nxe4 8. O-O d6 9. Bf3 Nc6 10. Re1 Nf6 11. Bg5 Be6 12. Nf4 h6 13. Nxe6 Rxe6 14. Rxe6 fxe6 15. Bh4 g5 16. Bg3 Qe7 17. Qe2 Re8 18. Re1 e5 19. Bxc6 bxc6 20. Qc4+ Kg7 21. Qxc6 Nh5 22. Qb7 Nxg3 23. hxg3 c5 24. Qd5 Rf8 25. Rd1 Rf6 26. f3 Qf8 27. g4 Qb8 28. b3 Qb6 29. Qc4 a5 30. a4 Kg6 31. Qb5 Qc7 32. Qc4 Kg7 33. Qa6 d5 34. Qd3 d4 35. c4 Qf7 36. Re1 Re6 37. Qd2 Qe7 38. Qxa5 e4 39. fxe4 Rxe4 40. Rf1 Rxg4 41. Qe1 Re4 42. Qf2 Re2 43. Qg3 Re3 44. Qf2 Re2 45. Qg3 Re6 46. Rf2 Re1+ 47. Kh2 Qe6 48. Qh3 Qe7 49. Qf3 Re3 50. Qd5 Re5 51. Qf3 Qc7 52. Qg3 Qe7 53. Qf3 Re3 54. Qf5 Qc7+ 55. Kg1 Re1+ 56. Rf1 Re3 57. Rf2 Qe7 0-1


[Site "https://www.chess.com"]

[Event "Titled Tuesday Blitz October 31 Late 2023"]
[White "Eljanov, Pavel"]
[Black "Nihal Sarin"]
[WhiteFideId "14102951"]
[BlackFideId "25092340"]
[WhiteElo "2849"]
[BlackElo "3136"]
[Result "1/2-1/2"]
[Round "8"]
[TimeControl "180+1"]
[Date "2023.10.31"]
[WhiteClock "0:00:04"]
[BlackClock "0:00:06"]
[Board "1"]

1. d4 Nf6 2. Bf4 d5 3. e3 Bg4 4. Nf3 c5 5. c3 Bxf3 6. Qxf3 Nc6 7. Nd2 e6 8. Bd3 Bd6 9. dxc5 Bxc5 10. e4 O-O 11. O-O Bd6 12. Bg5 Ne5 13. Qe2 Nxd3 14. Qxd3 Bxh2+ 15. Kh1 Bc7 16. Qf3 Qd6 17. g3 Nxe4 18. Nxe4 dxe4 19. Qxe4 Qa6 20. Rfd1 h6 21. Be3 Bb6 22. Rd6 Qe2 23. Rd2 Qh5+ 24. Kg2 Bxe3 25. Qxe3 Rfd8 26. Rxd8+ Rxd8 27. Qxa7 Qb5 28. b3 Qc6+ 29. Kg1 Qxc3 30. Rf1 Qc6 31. Qe3 Rd5 32. Rc1 Qd7 33. Qc3 b5 34. a4 bxa4 35. Qc8+ Qxc8 36. Rxc8+ Kh7 37. bxa4 g5 38. Rc1 Ra5 39. Ra1 Kg6 40. Kg2 h5 41. Kf3 Kf5 42. Ke3 e5 43. Ra2 Kg4 44. Ke2 f5 45. Ra3 e4 46. Kf1 f4 47. gxf4 gxf4 48. Kg2 f3+ 49. Kh2 Kf4 50. Kh1 Ke5 51. Kh2 Kd4 52. Kh3 Ke5 53. Kh2 Kf4 54. Kh3 h4 55. Ra2 Kg5 56. Ra3 Kf4 57. Ra2 Ke5 58. Ra3 Kf5 59. Ra2 Kg5 60. Ra3 Kf4 1/2-1/2


[Site "https://www.chess.com"]

[Event "Titled Tuesday Blitz October 31 Late 2023"]
[White "Aravindh, Chithambaram VR."]
[Black "Andreikin, Dmitry"]
[WhiteFideId "5072786"]
[BlackFideId "4158814"]
[WhiteElo "2912"]
[BlackElo "3117"]
[Result "1/2-1/2"]
[Round "8"]
[TimeControl "180+1"]
[Date "2023.10.31"]
[WhiteClock "0:01:32"]
[BlackClock "0:01:31"]
[Board "2"]

1. e4 e5 2. Nf3 Nc6 3. Nc3 Nf6 4. d4 exd4 5. Nxd4 Bb4 6. Nxc6 bxc6 7. Bd3 O-O 8. O-O d5 9. exd5 cxd5 10. Bg5 c6 11. Qf3 Rb8 12. Rae1 Bd6 13. Nd1 h6 14. Bxf6 Qxf6 15. Qxf6 gxf6 16. b3 Bd7 17. Ne3 Rfe8 18. g3 Bh3 19. Ng2 Bb4 20. Rxe8+ Rxe8 21. Rd1 Bg4 22. Rb1 a5 23. Ne3 Be6 24. Nf5 Bxf5 25. Bxf5 Re2 26. Bd3 Rd2 27. Re1 Kf8 28. Kf1 Bc3 29. Bf5 Bd4 30. Re2 Rxe2 31. Kxe2 Ke7 32. a4 1/2-1/2


[Site "https://www.chess.com"]

[Event "Titled Tuesday Blitz October 31 Late 2023"]
[White "Martinez Alcantara, Jose Eduardo"]
[Black "Ibarra Jerez, Jose Carlos"]
[WhiteFideId "3805662"]
[BlackFideId "2226332"]
[WhiteElo "3119"]
[BlackElo "2931"]
[Result "1-0"]
[Round "8"]
[TimeControl "180+1"]
[Date "2023.10.31"]
[WhiteClock "0:00:10"]
[BlackClock "0:00:00"]
[Board "3"]

1. e4 Nc6 2. Nf3 d6 3. d4 Nf6 4. c3 g6 5. Bd3 Bg7 6. h3 O-O 7. O-O e5 8. Re1 Re8 9. d5 Nb8 10. c4 a5 11. Nc3 Nbd7 12. Rb1 Nh5 13. a3 Nf4 14. Bf1 Nf6 15. b4 axb4 16. axb4 N6h5 17. Kh2 Nf6 18. g3 N4h5 19. c5 Bf8 20. Be3 Ra3 21. Qc1 Rxc3 22. Qxc3 Nxe4 23. Qc4 f5 24. Bg2 Nef6 25. cxd6 Bxd6 26. Bc5 e4 27. Bxd6 Qxd6 28. Ng5 f4 29. Qb3 e3 30. Kg1 exf2+ 31. Kxf2 Qb6+ 32. Kf3 fxg3 33. Rxe8+ Nxe8 34. d6+ Kh8 35. Qb2+ Nef6 36. Ne4 Qc6 37. Ke3 Qb6+ 38. Qd4 Qxd4+ 39. Kxd4 cxd6 40. Nxd6 Bd7 41. Bxb7 Nf4 42. b5 g2 43. Bxg2 Nxg2 44. b6 Bc6 45. Rc1 Bf3 46. Nf7+ Kg7 47. Ng5 Ba8 48. Rc8 1-0


[Site "https://www.chess.com"]

[Event "Titled Tuesday Blitz October 31 Late 2023"]
[White "Pranav, V"]
[Black "Sjugirov, Sanan"]
[WhiteFideId "25060783"]
[BlackFideId "4189302"]
[WhiteElo "3049"]
[BlackElo "2951"]
[Result "1-0"]
[Round "8"]
[TimeControl "180+1"]
[Date "2023.10.31"]
[WhiteClock "0:00:13"]
[BlackClock "0:00:41"]
[Board "4"]

1. e4 c5 2. Nf3 d6 3. d4 cxd4 4. Nxd4 a6 5. Nc3 g6 6. h4 h5 7. Bg5 Bg7 8. Qd2 Nc6 9. Nb3 Nf6 10. O-O-O Be6 11. f3 Rc8 12. Be2 b5 13. Kb1 Ne5 14. Nd4 Bd7 15. f4 b4 16. Nd5 Nxd5 17. fxe5 dxe5 18. Nb3 Nf6 19. Bxa6 Rc7 20. Bxf6 Bxf6 21. Bb5 e6 22. Qxb4 Be7 23. Qa4 Qc8 24. Rxd7 Rxd7 25. Rd1 O-O 26. Bxd7 Qb7 27. Qc6 Qa7 28. a4 Bxh4 29. a5 Rb8 30. Bxe6 fxe6 31. Qxe6+ Qf7 32. Qxf7+ Kxf7 33. a6 Ra8 34. Rd7+ Ke6 35. Nc5+ Kf6 36. Rd6+ Kf7 37. b4 Bf2 38. Nd3 Bd4 39. b5 h4 40. Ka2 g5 41. Kb3 Kg7 42. c3 Bg1 43. Nxe5 Bh2 44. Rg6+ Kh7 45. Rxg5 Kh6 46. Rf5 Rg8 47. Nf3 1-0


[Site "https://www.chess.com"]

[Event "Titled Tuesday Blitz October 31 Late 2023"]
[White "Yoo, Christopher Woojin"]
[Black "Grigoriants, Sergey"]
[WhiteFideId "30909694"]
[BlackFideId "4130804"]
[WhiteElo "3014"]
[BlackElo "2907"]
[Result "1-0"]
[Round "8"]
[TimeControl "180+1"]
[Date "2023.10.31"]
[WhiteClock "0:00:46"]
[BlackClock "0:00:00"]
[Board "5"]

1. d4 d5 2. Nf3 Nf6 3. c4 c6 4. Qc2 dxc4 5. Qxc4 Bg4 6. Nbd2 Nbd7 7. e4 Bxf3 8. gxf3 e5 9. dxe5 Nxe5 10. Qc3 Qc7 11. Bh3 Rd8 12. O-O Rd3 13. Qc2 Bb4 14. Bg2 Nh5 15. Nc4 Nxf3+ 16. Bxf3 Rxf3 17. Qe2 Rh3 18. e5 O-O 19. Qg4 Qc8 20. Qxc8 Rxc8 21. Be3 Rh4 22. Nd6 Bxd6 23. exd6 Nf4 24. Rad1 Rd8 25. Bxa7 Nd5 26. Rfe1 h5 27. Bc5 b6 28. Ba3 Rg4+ 29. Kh1 Ra4 30. Re5 h4 31. h3 Rf4 32. Kg2 Rf6 33. Rexd5 cxd5 34. Rxd5 Rd7 35. Bb4 Kh7 36. Rd4 Kg6 37. Rxh4 Rfxd6 38. Bxd6 Rxd6 39. Rb4 f6 40. a4 Kf5 41. Rb5+ Ke4 42. b4 Kd3 43. a5 bxa5 44. bxa5 Ra6 45. h4 Ke4 46. Kg3 f5 47. f3+ Kd4 48. Rxf5 1-0


[Site "https://www.chess.com"]

[Event "Titled Tuesday Blitz October 31 Late 2023"]
[White "Bok, Benjamin"]
[Black "Pakleza, Zbigniew"]
[WhiteFideId "1017063"]
[BlackFideId "1119290"]
[WhiteElo "2967"]
[BlackElo "2846"]
[Result "1-0"]
[Round "8"]
[TimeControl "180+1"]
[Date "2023.10.31"]
[WhiteClock "0:01:05"]
[BlackClock "0:00:05"]
[Board "6"]

1. d4 d6 2. Nf3 Bg4 3. c4 c6 4. Nc3 Nd7 5. g3 e5 6. Bg2 Ngf6 7. O-O Be7 8. h3 Bh5 9. b3 O-O 10. Bb2 e4 11. Nd2 d5 12. cxd5 cxd5 13. g4 Bg6 14. g5 Nh5 15. Nxd5 Bxg5 16. Nxe4 Bxe4 17. Bxe4 Re8 18. Bg2 Nf8 19. e3 Nf6 20. Nxf6+ Qxf6 21. Qf3 Qh6 22. Rac1 Re6 23. Rc7 Qg6 24. Qxb7 Rae8 25. Rc8 h5 26. d5 Rb6 27. Qa8 Rxc8 28. Qxc8 Qc2 29. Qxc2 1-0


[Site "https://www.chess.com"]

[Event "Titled Tuesday Blitz October 31 Late 2023"]
[White "Daneshvar, Bardiya"]
[Black "Brodsky, David"]
[WhiteFideId "12576468"]
[BlackFideId "2073250"]
[WhiteElo "2961"]
[BlackElo "2830"]
[Result "1-0"]
[Round "8"]
[TimeControl "180+1"]
[Date "2023.10.31"]
[WhiteClock "0:00:43"]
[BlackClock "0:00:06"]
[Board "7"]

1. d4 Nf6 2. c4 e6 3. Nf3 d5 4. Nc3 c6 5. e3 Nbd7 6. Qc2 b6 7. cxd5 cxd5 8. Nb5 Bb4+ 9. Bd2 Bxd2+ 10. Nxd2 O-O 11. Rc1 Ba6 12. Qa4 Rc8 13. Rc3 Rxc3 14. bxc3 Bxb5 15. Bxb5 Qc7 16. c4 e5 17. O-O Rd8 18. Nf3 exd4 19. exd4 g6 20. h3 Ne4 21. cxd5 Nc3 22. Qb3 Nxb5 23. Qxb5 Nf6 24. Re1 Rxd5 25. Qb3 Kg7 26. a4 h5 27. Re5 Rxe5 28. dxe5 Qc1+ 29. Kh2 Ne4 30. e6 Nc5 31. Qb4 Nxe6 32. Qe7 Qf4+ 33. Kg1 Qc1+ 34. Kh2 Qc7+ 35. Qxc7 Nxc7 36. Nd4 Nd5 37. Kg3 Nc3 38. Nb5 Nxb5 39. axb5 f5 40. h4 Kf6 41. Kf4 Ke6 42. Kg5 Kf7 43. Kh6 Kf6 44. g3 Kf7 45. Kh7 Kf6 46. f3 Kf7 47. f4 Kf6 48. Kg8 Ke6 49. Kg7 Kd6 50. Kxg6 a6 51. bxa6 b5 52. a7 1-0


[Site "https://www.chess.com"]

[Event "Titled Tuesday Blitz October 31 Late 2023"]
[White "Szpar, Milosz"]
[Black "Hong, Andrew"]
[WhiteFideId "1184989"]
[BlackFideId "2099438"]
[WhiteElo "2780"]
[BlackElo "2956"]
[Result "1/2-1/2"]
[Round "8"]
[TimeControl "180+1"]
[Date "2023.10.31"]
[WhiteClock "0:00:04"]
[BlackClock "0:00:05"]
[Board "8"]

1. Nf3 Nf6 2. c4 e6 3. b3 d5 4. Bb2 Be7 5. e3 O-O 6. Nc3 c5 7. cxd5 Nxd5 8. Qc2 Nc6 9. h4 h6 10. a3 b6 11. Be2 Bb7 12. Nxd5 exd5 13. d4 cxd4 14. Nxd4 Nxd4 15. Bxd4 Bxh4 16. Qb2 Bf6 17. Bxf6 Qxf6 18. Qxf6 gxf6 19. Rxh6 Kg7 20. Rh4 Rh8 21. Rg4+ Kf8 22. Rc1 Rc8 23. Rxc8+ Bxc8 24. Rd4 Rh1+ 25. Kd2 Ra1 26. a4 Ra2+ 27. Kd1 Bf5 28. Ke1 Bc2 29. Bd1 Ra1 30. Ke2 Be4 31. g3 Ke7 32. f3 Ra2+ 33. Ke1 Bf5 34. Rxd5 Be6 35. Rd3 Rb2 36. g4 f5 37. g5 f6 38. g6 Rg2 39. Rc3 Kd6 40. Rd3+ Ke7 41. Rc3 Kd6 42. Rd3+ Kc7 43. Rc3+ Kd8 44. Rd3+ Bd7 45. Rd4 Ke7 46. Rc4 Kd6 47. Rd4+ Kc7 48. Rc4+ Kd8 49. Rd4 Rxg6 50. Be2 Rg2 51. Bb5 Rg7 52. Kf2 Kc7 53. Rxd7+ Rxd7 54. Bxd7 Kxd7 55. Kg3 Ke6 56. Kh4 Ke5 57. Kh5 f4 58. e4 Kd4 59. Kg6 Ke3 60. Kxf6 Kxf3 61. e5 Kg3 62. e6 f3 63. e7 f2 64. e8=Q f1=Q+ 65. Ke7 Qe2+ 66. Kd8 Qd3+ 67. Qd7 Qxb3 68. Qxa7 Kf4 69. Kc7 Ke5 70. Kb7 Qb4 71. Qa6 Qe4+ 72. Ka7 Qc2 73. Kxb6 Kd5 74. Qb5+ Kd6 75. Qb4+ Kd5 76. Qb5+ Kd6 77. Qb4+ Kd5 78. Qa5+ Kd6 79. Ka6 Qd3+ 80. Qb5 Qd2 81. a5 Ke6 82. Qc6+ Kf5 83. Kb7 Qxa5 84. Qb6 Qe5 85. Qc6 Qf4 86. Qc7 Qf3+ 87. Qc6 Qg4 88. Qd7+ Kf4 89. Qxg4+ Kxg4 1/2-1/2


[Site "https://www.chess.com"]

[Event "Titled Tuesday Blitz October 31 Late 2023"]
[White "Sokolovsky, Yahli"]
[Black "Ilamparthi A R"]
[WhiteFideId "2820242"]
[BlackFideId "45015775"]
[WhiteElo "2804"]
[BlackElo "2935"]
[Result "0-1"]
[Round "8"]
[TimeControl "180+1"]
[Date "2023.10.31"]
[WhiteClock "0:00:21"]
[BlackClock "0:01:27"]
[Board "9"]

1. b3 Nf6 2. Bb2 g6 3. Nf3 Bg7 4. c4 O-O 5. g3 c5 6. Bg2 Nc6 7. O-O d5 8. cxd5 Nxd5 9. Bxg7 Kxg7 10. d4 Qb6 11. Nbd2 cxd4 12. Nc4 Qc5 13. Rc1 Nc3 14. Qd2 Bg4 15. e3 Bxf3 16. Bxf3 e5 17. Bxc6 bxc6 18. Nxe5 Qxe5 19. Rfe1 Qf6 20. exd4 Nd5 21. h4 h5 22. Re5 Rad8 23. Rce1 Nc7 24. Qa5 Ne6 25. R1e4 Nxd4 26. Rf4 Nf3+ 0-1


[Site "https://www.chess.com"]

[Event "Titled Tuesday Blitz October 31 Late 2023"]
[White "Zakhartsov, Vladimir"]
[Black "Sivakumar, Shaaketh"]
[WhiteFideId "4145097"]
[BlackFideId "30940176"]
[WhiteElo "2831"]
[BlackElo "2628"]
[Result "0-1"]
[Round "8"]
[TimeControl "180+1"]
[Date "2023.10.31"]
[WhiteClock "0:00:02"]
[BlackClock "0:00:49"]
[Board "10"]

1. d4 e6 2. c4 b6 3. a3 Bb7 4. Nc3 f5 5. d5 Nf6 6. g3 Na6 7. Bg2 g6 8. Nh3 Bg7 9. O-O O-O 10. Rb1 Nc5 11. b4 Nfe4 12. Nb5 Na6 13. Bb2 c6 14. Bxe4 cxb5 15. Bd3 bxc4 16. Bxc4 Nc7 17. Nf4 Bxb2 18. Rxb2 Qf6 19. dxe6 dxe6 20. Qd6 Rf7 21. Nxe6 b5 22. Bb3 Re8 23. Qxc7 Rxc7 24. Nxc7+ Kh8 25. Rc2 Rc8 26. Rfc1 Qe5 27. Be6 Rd8 28. f3 Qe3+ 29. Kg2 Rd2 30. Kf1 Qxe2+ 31. Kg1 Qg2# 0-1


[Site "https://www.chess.com"]

[Event "Titled Tuesday Blitz October 31 Late 2023"]
[White "DopplerCharlotteDeWitte"]
[Black "Le, Quang Liem"]
[BlackFideId "12401137"]
[WhiteElo "2760"]
[BlackElo "3036"]
[Result "0-1"]
[Round "8"]
[TimeControl "180+1"]
[Date "2023.10.31"]
[WhiteClock "0:00:01"]
[BlackClock "0:00:33"]
[Board "11"]

1. e3 d5 2. d4 Nf6 3. Nf3 g6 4. c4 Bg7 5. Nc3 O-O 6. Bd2 e6 7. Rc1 b6 8. cxd5 exd5 9. Bd3 c5 10. dxc5 bxc5 11. O-O Nbd7 12. b3 Bb7 13. Na4 Rc8 14. Bc3 Qe7 15. Re1 Nb6 16. Bb5 Rfd8 17. Bb2 Nxa4 18. Bxa4 a6 19. Qe2 h5 20. h3 Ne4 21. Bxg7 Kxg7 22. Qb2+ Qf6 23. Qxf6+ Kxf6 24. Red1 Ke7 25. a3 a5 26. Nd2 Nf6 27. Nf3 Bc6 28. Rxc5 Bxa4 29. Rxc8 Rxc8 30. bxa4 Rc3 31. Rb1 Ne4 32. Rb5 Rxa3 33. Rxa5 Ra1+ 34. Kh2 Nxf2 35. Rxd5 Rxa4 36. Rb5 Ne4 37. Rb7+ Kf6 38. Rb6+ Kg7 39. Rb7 Ra5 40. h4 Ra6 41. Re7 Nd6 42. Ng5 Kf8 43. Rd7 Ke8 44. Rc7 Ra4 45. g3 Ra3 46. e4 f6 47. Ne6 Nxe4 48. Ng7+ Kf8 49. Ne6+ Kg8 50. Rg7+ Kh8 51. Rxg6 Ra2+ 52. Kg1 Ra6 53. Nf4 Kh7 54. Kg2 Ra3 55. Kh3 Rf3 56. Kg2 Rxf4 57. gxf4 Kxg6 58. Kf3 Kf5 0-1


[Site "https://www.chess.com"]

[Event "Titled Tuesday Blitz October 31 Late 2023"]
[White "Bortnyk, Mykola"]
[Black "Korchmar, Vasiliy"]
[WhiteFideId "14120836"]
[BlackFideId "24131750"]
[WhiteElo "2992"]
[BlackElo "2744"]
[Result "1-0"]
[Round "8"]
[TimeControl "180+1"]
[Date "2023.10.31"]
[WhiteClock "0:00:54"]
[BlackClock "0:00:18"]
[Board "12"]

1. e4 c5 2. c3 d5 3. exd5 Nf6 4. Nf3 Nxd5 5. d4 cxd4 6. Bc4 Nc6 7. Nxd4 g6 8. O-O Bg7 9. Nxc6 bxc6 10. Re1 O-O 11. Nd2 Be6 12. Bb3 Nf4 13. Bxe6 fxe6 14. Nf3 Nd3 15. Rxe6 Qd5 16. Qb3 Rab8 17. Qxd5 cxd5 18. Rxe7 Nxc1 19. Rxc1 Rxb2 20. Rxa7 Bxc3 21. h4 d4 22. a4 Ra2 23. Rd1 Rb8 24. Rd3 Rbb2 25. Nxd4 Rxf2 26. Rxc3 Rxg2+ 27. Kf1 Raf2+ 28. Ke1 Rf8 29. Rcc7 Re8+ 30. Kf1 Rg4 31. Rg7+ Kh8 32. Rxh7+ Kg8 33. Nf3 Rf4 34. Kf2 Ree4 35. Rhg7+ Kf8 36. Rgb7 Re8 37. Kg3 Rf5 38. a5 1-0


[Site "https://www.chess.com"]